 Dungeon Crawl Stone Soup version 0.31.0-2-g5a2aebc5c2 (webtiles) character file.

Game seed: 11494697257522436306

228 booth the Chopper (level 5, -18/43 HPs)
             Began as a Demonspawn Monk on Jan 20, 2024.
             Demolished by an ogre
             ... wielding a +0 giant spiked club
              (22 damage)
             ... on level 3 of the Dungeon.
             The game lasted 00:18:16 (3191 turns).

booth the Chopper (Demonspawn Monk)                 Turns: 3191, Time: 00:18:17

Health: -18/43     AC:  8    Str: 14    XL:     5   Next: 71%
Magic:  5/5        EV: 11    Int: 10    God:
Gold:   137        SH:  0    Dex: 15    Spells: 4/4 levels left

rFire   . . .        a - +0 hand axe
rCold   . . .        (no shield)
rNeg    . . .        i - +0 ring mail
rPois   .            (helmet restricted)
rElec   .            t - +1 cloak
rCorr   .            k - +0 pair of gloves
SInv    .            (no boots)
Will    +....        (no amulet)
Stlth   +            p - ring of willpower
HPRegen 0.27/turn    (no ring)
MPRegen 0.09/turn

%: no passive effects
@: attractive
A: antennae 2, ignite blood 1
a: no special abilities


You were on level 3 of the Dungeon.
You visited 1 branch of the dungeon, and saw 4 of its levels.

You collected 137 gold pieces.

Inventory:

Hand Weapons
 a - a +0 hand axe (weapon)
 m - a +0 war axe
 n - a +0 mace
 u - the +7 great mace of the Sneaky Moons {elec, rCorr Str-4 Int+3}
   (You found it on level 3 of the Dungeon)

   Str-4:     It affects your strength (-4).
   Int+3:     It affects your intelligence (+3).
   rCorr:     It protects you from acid and corrosion.
Armour
 d - an orb of light
 i - a +0 ring mail (worn)
 k - a +0 pair of gloves (worn)
 t - a +1 cloak (worn)
Jewellery
 l - a ring of ice
 p - a ring of willpower (left hand)
Scrolls
 h - 2 scrolls of vulnerability
 o - a scroll of fog
 r - a scroll of immolation {unknown}
Potions
 b - 2 potions of enlightenment
 c - a potion of ambrosia
 g - 2 potions of brilliance
 j - a potion of mutation


   Skills:
 + Level 4.5 Fighting
 * Level 4.8 Axes
 - Level 3.0 Dodging


You had 4 spell levels left.
You didn't know any spells.
Your spell library contained the following spells:

 Spells                   Type           Power      Damage    Failure   Level
 Ensorcelled Hibernation  Hex/Ice        0%         N/A       75%         2
 Passwall                 Erth           0%         N/A       93%         3
 Swiftness                Air            0%         N/A       93%         3


Dungeon Overview and Level Annotations

Branches:
Dungeon (4/15)
 Temple: D:4-7

Altars:
Ru

Shops:
D:3 (


Innate Abilities, Weirdness & Mutations

You have a pair of antennae on your head.
Your demonic aura sometimes causes spilled blood to erupt in flames.


Message History

Natasha completely misses you.
You closely miss Natasha.
Natasha is severely wounded.
Natasha barely misses you.
You closely miss Natasha.
Natasha is severely wounded.
Natasha casts a spell at you. You resist with almost no effort.
You hit Natasha.
You kill Natasha!
You feel Natasha's spirit has finally been put to rest.
There is a stone staircase leading down here.
You start resting.
HP restored.
You climb downwards.
The ogre hits you with a +0 giant spiked club.
There is a stone staircase leading up, spattered with blood here.
You hit the ogre but do no damage. The ogre closely misses you.
You closely miss the ogre. The ogre barely misses you.
You hit the ogre.
The ogre is lightly wounded.
You hit the ogre.
The ogre is moderately wounded.
The ogre hits you with a +0 giant spiked club!!
Ouch! That really hurt!
* * * LOW HITPOINT WARNING * * *
The ogre hits you with a +0 giant spiked club.
* * * LOW HITPOINT WARNING * * *
You climb upwards.
There is a stone staircase leading down here.
You closely miss the ogre.
The ogre is moderately wounded.
You feel better.
The ogre hits you with a +0 giant spiked club!
* * * LOW HITPOINT WARNING * * *
It was a potion of attraction.
You feel attractive to monsters.
The ogre hits you with a +0 giant spiked club!!
Ouch! That really hurt!
You die...

..#..###########.#............###
#+#..#.#.......#.#...............
.....#.#.#####.#)#.......########
.["..#...# ##.#.#.#.#...# #####
.........####..#.#.#..<#.# #....
...#.....[.##.##.#.##..#.# #.###
...+.#.##..##.##.#.......# #....
...###.##.....##O..####### #####
#### #.###.##...@### # #.#
#.####.## # #.###.....(# #
#.......#### # ###.......# #
#.##.##.# # #.##.##.####### #
#.##.##.......# # #.##.########.#


You could see an ogre.

Vanquished Creatures
  A bombardier beetle (D:3)
  An iguana (D:4)
  Natasha (thrice) (D:3)
  2 gnolls
  An adder (D:2)
  A dart slug (D:1)
  A ribbon worm (D:2)
  An orc (D:3)
  6 endoplasms
  4 giant cockroaches
  4 goblins
  4 hobgoblins
  5 jackals
  4 quokkas
  5 ball pythons
  6 bats
  3 frilled lizards
  5 kobolds
  6 rats
63 creatures vanquished.

Notes
Turn   | Place    | Note
-------+----------+-------------------------------------------
     0 | D:1      | booth the Demonspawn Monk began the quest for the Orb.
     0 | D:1      | Reached XP level 1. HP: 18/18 MP: 1/1
   249 | D:1      | Gained mutation: You have a pair of small antennae on your
                  | head. [demonic ancestry]
   249 | D:1      | Reached XP level 2. HP: 14/24 MP: 2/2
   530 | D:1      | Gained mutation: You have a pair of antennae on your head.
                  | [demonic ancestry]
   530 | D:1      | Reached XP level 3. HP: 26/29 MP: 3/3
  1633 | D:2      | Gained mutation: Your demonic aura sometimes causes spilled
                  | blood to erupt in flames. [demonic ancestry]
  1633 | D:2      | Reached XP level 4. HP: 25/37 MP: 4/4
  2299 | D:3      | Found Xeonug's Weapon Shop.
  2401 | D:3      | Found a sacrificial altar of Ru.
  2573 | D:3      | Identified the +7 great mace of the Sneaky Moons {elec,
                  | rCorr Str-4 Int+3}
  2755 | D:3      | Noticed Natasha
  2770 | D:3      | Killed Natasha
  2771 | D:3      | Reached XP level 5. HP: 42/42 MP: 5/5
  2787 | D:3      | Noticed Natasha
  2814 | D:3      | Killed Natasha
  2865 | D:4      | Noticed an ogre
  3067 | D:3      | Noticed Natasha
  3086 | D:3      | Killed Natasha
  3191 | D:3      | Demolished by an ogre

Illustrated notes

Levels and vault maps discovered:
D:1:      elethiomel_arrival_infinity_welcomes_careful_drivers, layout_basic
D:2:      layout_loops_ring, grunt_decor_arrowhead, cheibrodos_gnoll_hut
D:3:      layout_basic, nicolae_ru_awakened_eye, serial_shops,
          nicolae_shop_bloodbath_and_beyond, uniq_natasha
D:4:      layout_basic, hangedman_decor_growths

Skill      XL: |  1  2  3  4 |
---------------+-------------+-----
Axes           | 3 4 |  4.8
Dodging        | 3 |  3.0
Fighting       | 4 |  4.5

Action                     |  1- 3 |  4- 6 || total
---------------------------+-------+-------++-------
  Melee: Hand axe          |   113 |   106 ||   219
    Use: Scroll            |     5 |     4 ||     9
         Potion            |     1 |     2 ||     3
 Armour: Robe              |     9 |       ||     9
         Ring mail         |    52 |    68 ||   120
  Dodge: Dodged            |    89 |    53 ||   142
